 Dungeon Sprint DCSS version 0.19.1 (webtiles) character file.

610 kraedy the Fighter (level 7, -13/53 HPs)
             Began as a Gargoyle Fighter on Dec 11, 2016.
             Was a Follower of the Shining One.
             Shot with an arrow by a centaur warrior (15 damage)
             ... in the Dungeon (Sprint I: "Red Sonja").
             The game lasted 00:01:52 (526 turns).

kraedy the Fighter (Gargoyle Fighter)                Turns: 526, Time: 00:01:52

Health: -13/53     AC: 12    Str: 21    XL:     7   Next: 43%
Magic:  7/7        EV:  8    Int:  9    God:    the Shining One [*.....]
Gold:   297        SH: 10    Dex:  9    Spells: 0 memorised, 6 levels left

rFire  . . .     SeeInvis .     a - +0 flail
rCold  . . .     Gourm    .     b - +0 scale mail
rNeg   + . .     Faith    .     c - +0 shield
rPois  ∞         Spirit   .     (no helmet)
rElec  +         Reflect  .     (no cloak)
rCorr  .         Harm     .     (no gloves)
MR     .....     NoTele   +     (no boots)
Stlth  ..........               (no amulet)
                                (no ring)
                                (no ring)

@: glowing
A: negative energy resistance 1, electricity resistance, unbreathing,
petrification resistance, rot immunity, AC +4
a: Renounce Religion


You were in the Dungeon.
You worshipped the Shining One.
The Shining One was aware of your devotion.
You were not hungry.

You visited 1 branch You collected 297 gold pieces.

Inventory:

Hand Weapons
 a - a +0 flail (weapon)
Armour
 b - a +0 scale mail (worn)
 c - a +0 shield (worn)
Scrolls
 k - a scroll of blinking
Potions
 d - a potion of might
 e - a potion of curing
 i - 3 potions of magic
 j - a potion of berserk rage
Comestibles
 f - a bread ration


   Skills:
 * Level 10.5 Fighting
 * Level 9.3 Maces & Flails
 + Level 7.6 Armour
 + Level 7.6 Shields


You had 6 spell levels left.
You didn't know any spells.

Dungeon Overview and Level Annotations

Branches:
Dungeon (1/1)

Altars:
Cheibriados
Dithmenos
Elyvilon
Fedhas
Gozag
Hepliaklqana
Kikubaaqudgha
Makhleb
Nemelex Xobeh
Okawaru
Qazlal
Ru
Sif Muna
Trog
Uskayaw
Vehumet
Xom
Yredelemnul
Zin
The Shining One
Jiyva
Lugonu

Shops:
D %


Innate Abilities, Weirdness & Mutations

You are resistant to torment.
Your stone body is resilient. (AC +4)
You are immune to poison.
You resist negative energy. (rN+)
You are resistant to electric shocks. (rElec)
You can survive without breathing.
You are immune to petrification.
You are immune to rotting.


Message History

You block the centaur warrior's attack.
Your unstable footing causes you to fumble your attack.
The centaur warrior shoots an arrow.
The arrow hits you.
You hear a splash.
You block the centaur warrior's attack.
The centaur warrior shoots an arrow.
The arrow hits you!
You hear a splash.
The centaur warrior wields a shortbow.
The centaur warrior shoots an arrow.
The arrow hits you.
The centaur warrior shoots an arrow.
You block the arrow.
You hear a splash.
The centaur warrior shoots an arrow.
The arrow hits you!
* * * LOW HITPOINT WARNING * * *
You hear a splash.
The centaur warrior shoots an arrow.
The arrow hits you.
* * * LOW HITPOINT WARNING * * *
You see here 2 arrows.
The centaur warrior shoots an arrow.
You block the arrow.
You hear a splash.
The centaur warrior shoots an arrow.
The arrow hits you!
You die...

###################
#<.#..').#..'..#__#
#..').#..').#..'^.+
#..#####'#####'#__####
#..####..#...#(####)§#
#..#__####..##)#§§§§§#
#..#_____##'#..'§§c.§+
#⌠⌠#_.∩...'..._#@§c§§#
####_..__##_.#+##+####
#_____###+# #######


You could see 2 centaur warriors.

Vanquished Creatures
  A slime creature (D)
  Sigmund (D)
  A yak (D)
  An ogre (D)
  A jelly (D)
  Ijyb (D)
6 creatures vanquished.

Notes
Turn   | Place    | Note
-------+----------+-------------------------------------------
     0 | D        | kraedy the Gargoyle Fighter began the quest for the Orb.
     0 | D        | Reached XP level 1. HP: 14/14 MP: 1/1
     2 | D        | Noticed Ijyb
    22 | D        | Killed Ijyb
    22 | D        | Reached skill level 5 in Fighting
    22 | D        | Reached XP level 2. HP: 21/21 MP: 2/2
    22 | D        | Reached XP level 3. HP: 26/26 MP: 3/3
    29 | D        | Noticed an ogre
    34 | D        | Killed an ogre
    34 | D        | Reached skill level 6 in Fighting
    34 | D        | Reached skill level 5 in Maces & Flails
    34 | D        | Reached skill level 5 in Armour
    34 | D        | Reached skill level 5 in Shields
    34 | D        | Reached XP level 4. HP: 32/32 MP: 4/4
    45 | D        | Noticed Sigmund
    57 | D        | Killed Sigmund
    57 | D        | Reached skill level 8 in Fighting
    57 | D        | Reached XP level 5. HP: 29/40 MP: 5/5
    57 | D        | Reached XP level 6. HP: 33/45 MP: 6/6
   143 | D        | Found a deep blue altar of Sif Muna.
   145 | D        | Found a radiant altar of Vehumet.
   207 | D        | Found Nefadea's Food Emporium.
   207 | D        | Found an ancient bone altar of Kikubaaqudgha.
   207 | D        | Found a hazy altar of Hepliaklqana.
   207 | D        | Found a stormy altar of Qazlal.
   207 | D        | Found a hide-covered altar of Uskayaw.
   207 | D        | Found a blossoming altar of Fedhas.
   207 | D        | Found a bloodstained altar of Trog.
   207 | D        | Found an iron altar of Okawaru.
   207 | D        | Found a basalt altar of Yredelemnul.
   207 | D        | Found a glowing golden altar of the Shining One.
   207 | D        | Found a snail-covered altar of Cheibriados.
   207 | D        | Found a sacrificial altar of Ru.
   207 | D        | Found a glowing silver altar of Zin.
   207 | D        | Found a shadowy altar of Dithmenos.
   207 | D        | Found a white marble altar of Elyvilon.
   207 | D        | Noticed a yak
   221 | D        | Killed a yak
   221 | D        | Reached skill level 9 in Fighting
   221 | D        | Reached XP level 7. HP: 38/52 MP: 7/7
   222 | D        | Found an opulent altar of Gozag.
   225 | D        | Found a sparkling altar of Nemelex Xobeh.
   304 | D        | Became a worshipper of the Shining One
   318 | D        | Found a burning altar of Makhleb.
   318 | D        | Found a viscous altar of Jiyva.
   318 | D        | Found a shimmering altar of Xom.
   318 | D        | Found a corrupted altar of Lugonu.
   318 | D        | Noticed a slime creature
   342 | D        | Killed a slime creature
   342 | D        | Reached skill level 10 in Fighting
   501 | D        | Noticed a centaur warrior
   501 | D        | Noticed a centaur warrior
   501 | D        | Reached * piety under the Shining One
   525 | D        | HP: 2/53 [centaur warrior/arrow (1)]
   526 | D        | Shot with an arrow by a centaur warrior

Skill      XL: |  1  2  3  4  5  6  7 |
---------------+----------------------+-----
Fighting       | 5 6 8 9 10 | 10.5
Maces & Flails | 3 5 7 8 9 |  9.3
Armour         | 4 5 6 7 |  7.6
Shields        | 4 5 6 7 |  7.6

Action                   |  1- 3 |  4- 6 |  7- 9 || total
-------------------------+-------+-------+-------++-------
Melee: Flail             |    25 |    25 |    13 ||    63
  Use: Potion            |       |       |     2 ||     2
Armor: Scale mail        |    10 |     4 |     2 ||    16
Dodge: Dodged            |     8 |     8 |     3 ||    19
Block: Shield            |     7 |     9 |     9 ||    25
